 Dungeon Crawl Stone Soup version 0.29.1-12-g30fa7ad0bf (webtiles) character file.

Game seed: 7092185852701403002

84 H0rd4k the Charlatan (level 4, -4/29 HPs)
             Began as an Octopode Artificer on Dec 15, 2022.
             Slain by an orc
             ... wielding a +0 mace
              (6 damage)
             ... on level 3 of the Dungeon.
             The game lasted 00:02:11 (3536 turns).

H0rd4k the Charlatan (Octopode Artificer)           Turns: 3536, Time: 00:02:11

Health: -4/29      AC:  1    Str: 11    XL:     4   Next: 46%
Magic:  7/7        EV: 13    Int: 15    God:
Gold:   74         SH:  0    Dex: 12    Spells: 7/7 levels left

rFire   . . .      SeeInvis .     - Unarmed
rCold   . . .      Faith    .   (no shield)
rNeg    . . .      Spirit   .   (helmet restricted)
rPois   .          Reflect  .   (no amulet)
rElec   .          Harm     .   (no ring)
rCorr   .          Rampage  .   (no ring)
Will    .....                   (no ring)
Stlth   +++.......              (no ring)
HPRegen 0.09/turn               (no ring)
MPRegen 0.10/turn               (no ring)
                                (no ring)
                                (no ring)

@: no status effects
A: almost no armour, amphibious, 8 rings, camouflage 1, gelatinous body 1,
(nimble swimmer 1), tentacles
a: no special abilities


You were on level 3 of the Dungeon.
You visited 1 branch of the dungeon, and saw 3 of its levels.

You collected 74 gold pieces.

Inventory:

Wands
 b - a wand of flame (11) (quivered)
 c - a wand of charming (14)
 d - a wand of iceblast (5)
Scrolls
 a - a scroll of brand weapon {unknown}
 e - a scroll of teleportation {unknown}
 i - a scroll of enchant weapon {unknown}
 n - a scroll of vulnerability {unknown}
 o - a scroll of identify {unknown}
Potions
 f - a potion of cancellation {unknown}
 g - a potion of attraction {unknown}
 h - a potion of mutation {unknown}
 j - 3 potions of ambrosia {unknown}
 k - a potion of curing {unknown}
 l - a potion of heal wounds {unknown}
 m - 2 potions of haste {unknown}


   Skills:
 * Level 2.1 Fighting
 - Level 2.3 Dodging
 - Level 1.3 Stealth
 + Level 2.1 Unarmed Combat
 * Level 2.1 Spellcasting
 - Level 3.2 Evocations


You had 7 spell levels left.
You didn't know any spells.
Your spell library was empty.

Dungeon Overview and Level Annotations

Branches:
Dungeon (3/15)

Altars:


Innate Abilities, Weirdness & Mutations

You cannot wear most types of armour.
You are amphibious.
You can wear up to eight rings at the same time.
Your skin changes colour to match your surroundings (Stealth+).
Your rubbery body absorbs attacks. (AC +1, EV +1)
((You are camouflaged when in or above water. (Stealth+)))
You have tentacles for arms and can constrict up to eight enemies at once.


Message History

The rat is heavily wounded.
You constrict the rat.
You kill the rat!
You see here a rat corpse.
There are monsters nearby!
The orc shouts! x2
The orc closely misses you. The orc hits you with a +0 mace!
You tentacle-slap the orc. You grab the orc.
The orc is heavily wounded.
You constrict the orc. The orc hits you with a +0 mace.
The orc hits you with a +0 flail!
You are too injured to fight recklessly!
You are too injured to fight recklessly!
There are monsters nearby!
You are too injured to fight recklessly!
You are too injured to fight recklessly!
You release your grip on the orc.
The orc attacks as you move away! The orc hits you with a +0 flail.
The orc attacks as you move away! The orc barely misses you.
You see here a rat corpse.
Things that are here:
a +0 flail; a +0 scale mail; an orc corpse You tentacle-slap the orc.
You grab the orc.
The orc is severely wounded.
You constrict the orc.
The orc struggles to escape constriction.
You barely miss the orc.
The orc is severely wounded.
You constrict the orc.
The orc escapes!
You tentacle-slap the orc. You grab the orc. You squeeze the orc.
The orc is heavily wounded.
You constrict the orc, but do no damage.
The orc hits you with a +0 mace.
* * * LOW HITPOINT WARNING * * *
The orc hits you with a +0 flail.
* * * LOW HITPOINT WARNING * * *
You barely miss the orc. Your grab misses the orc. You squeeze the orc.
You kill the orc!
You constrict the orc. The orc hits you with a +0 mace.
You die...

#.##.#.....#
..##..........# #
#.##.##.#....<#
#.#.##^##.#.....#
#.........#######
####.##.####
#.......#
#.##.##.######
#.##@..........
#..o)...##..###
#..###..# .g..
#..# #..... ...
##.# #.###.# #.
#.. $.# # ... ...
###.### .


You could see an orc.

Vanquished Creatures
  An adder (D:2)
  A worm (D:2)
  2 dart slugs
  2 orcs (D:3)
  4 bats
  9 endoplasms
  6 goblins
  7 hobgoblins
  4 jackals (D:2)
  6 quokkas
  7 ball pythons
  2 frilled lizards (D:1)
  2 kobolds (D:1)
  5 rats
58 creatures vanquished.

Vanquished Creatures (collateral kills)
  A giant cockroach (D:2)
1 creature vanquished.

Vanquished Creatures (others)
  An adder (D:2)
  A plant (D:1)
  A withered plant (D:1)
3 creatures vanquished.

Grand Total: 62 creatures vanquished

Notes
Turn   | Place    | Note
-------+----------+-------------------------------------------
     0 | D:1      | H0rd4k the Octopode Artificer began the quest for the Orb.
     0 | D:1      | Reached XP level 1. HP: 13/13 MP: 1/1
   337 | D:1      | Reached skill level 1 in Spellcasting
   510 | D:1      | Found a faded altar of an unknown god.
   769 | D:1      | Reached XP level 2. HP: 18/18 MP: 3/3
  1557 | D:1      | Reached XP level 3. HP: 10/23 MP: 5/5
  1850 | D:1      | Reached skill level 1 in Unarmed Combat
  2782 | D:2      | Reached XP level 4. HP: 20/29 MP: 7/7
  3536 | D:3      | Slain by an orc

Illustrated notes

Levels and vault maps discovered:
D:1:      spicycebolla_green_bress_n_ham, layout_loops_cross,
          shapermc_ecumenical_altar_flowoftime, nicolae_figureground_sparkle
D:2:      layout_basic
D:3:      layout_loops_cross, nicolae_overflow_hidden_temple,
          gammafunk_ghost_grave, minmay_shallow_snake_nest

Skill      XL: |  1  2  3  4 |
---------------+-------------+-----
Spellcasting   | 1 2 |  2.1
Unarmed Combat | 1 2 |  2.1
Fighting       | 2 |  2.1
Dodging        | |  2.3
Stealth        | |  1.3
Evocations     | |  3.2

Action                   |  1- 3 |  4- 6 || total
-------------------------+-------+-------++-------
Melee: Unarmed           |   133 |    33 ||   166
       Tentacles         |    29 |     8 ||    37
       Constrict         |    24 |    12 ||    36
       Punch             |     1 |       ||     1
Evoke: Wand              |     2 |     3 ||     5
 Stab: Sleeping          |     7 |     3 ||    10
Armor: Skin              |     8 |     1 ||     9
Dodge: Dodged            |    94 |    13 ||   107
